 Dungeon Crawl Stone Soup version 0.22.0 (webtiles) character file.

4342 Peloso the Carver (level 10, 0/88 HPs)
             Began as a Minotaur Fighter on Aug 11, 2018.
             Was an Initiate of Okawaru.
             Slain by a wolf (7 damage)
             ... led by Grum
             ... on level 9 of the Dungeon.
             The game lasted 00:15:31 (6262 turns).

Peloso the Carver (Minotaur Fighter)                Turns: 6262, Time: 00:15:32

Health: 0/88       AC: 15    Str: 27    XL:     10   Next: 12%
Magic:  9/9        EV:  7    Int:  5    God:    Okawaru [......]
Gold:   560        SH: 13    Dex: 14    Spells: 9/9 levels left

rFire    . . .     SeeInvis .   a - +7 falchion (curse)
rCold    . . .     Gourm    .   c - +0 shield
rNeg     . . .     Faith    .   b - +1 plate armour
rPois    .         Spirit   .   (helmet restricted)
rElec    .         Reflect  .   (no cloak)
rCorr    .         Harm     .   e - +0 pair of gloves
MR       .....                  (no boots)
Stlth    ..........             i - amulet of the acrobat
HPRegen  0.24/turn              q - +2 ring of dexterity
MPRegen  0.11/turn              w - +5 ring of strength

@: no status effects
A: retaliatory headbutt, horns 2
a: Renounce Religion


You were on level 9 of the Dungeon.
You worshipped Okawaru.
Okawaru was noncommittal.
You were not hungry.

You visited 2 branches of the dungeon, and saw 10 of its levels.

You collected 560 gold pieces.

Inventory:

Hand Weapons
 a - a cursed +7 falchion (weapon)
 K - a +1 short sword of protection
Armour
 b - a +1 plate armour (worn)
 c - a +0 shield (worn)
 e - a +0 pair of gloves (worn)
Jewellery
 i - an amulet of the acrobat (around neck)
 l - an uncursed ring of flight
 q - a +2 ring of dexterity (left hand)
 w - a +5 ring of strength (right hand)
 y - a +3 ring of intelligence
 A - an uncursed ring of protection from magic {unknown}
 B - an uncursed ring of fire {unknown}
 C - an uncursed ring of stealth {unknown}
 H - an uncursed amulet of faith {unknown}
Wands
 o - a wand of polymorph (9)
 r - a wand of digging (15)
 x - a wand of disintegration (10)
 G - a wand of paralysis (9)
 I - a wand of enslavement (15)
Scrolls
 j - a scroll of fear
 k - 2 scrolls of enchant armour
 n - 2 scrolls of remove curse
 s - 3 scrolls of torment {unknown}
 E - a scroll of identify
 J - 4 scrolls of magic mapping
Potions
 d - a potion of might
 g - 3 potions of mutation
 h - 2 potions of berserk rage {unknown}
 m - 2 potions of ambrosia {unknown}
 p - 2 potions of degeneration {unknown}
 t - a potion of cancellation {unknown}
 u - 2 potions of brilliance {unknown}
 v - 2 potions of curing {unknown}
 z - 2 potions of heal wounds {unknown}
 D - a potion of flight {unknown}
 F - a potion of agility {unknown}
Comestibles
 f - 22 rations


   Skills:
 + Level 7.7 Fighting
 + Level 11.2 Long Blades
 + Level 7.6 Armour
 + Level 1.6 Dodging
 + Level 0.3 Stealth
 + Level 10.2 Shields


You had 9 spell levels left.
You didn't know any spells.
Your spell library contained the following spells:

 Spells                   Type           Power        Failure   Level  Hunger
 Magic Dart               Conj           #...         100%        1    ##.....
 Conjure Flame            Conj/Fire      #.......     100%        3    ####...
 Slow                     Hex            #.......     100%        2    ###....
 Confuse                  Hex            #.......     100%        3    ####...
 Mephitic Cloud           Conj/Pois/Air  #.......     100%        3    ####...
 Blink                    Tloc           N/A          100%        2    ###....
 Summon Ice Beast         Ice/Summ       #.......     100%        4    #####..
 Call Imp                 Summ           #.......     100%        2    ###....
 Tukima's Dance           Hex            #.......     100%        3    ####...
 Call Canine Familiar     Summ           #.......     100%        3    ####...
 Ensorcelled Hibernation  Hex/Ice        #.....       100%        2    ###....
 Summon Butterflies       Summ           #.......     100%        1    ##.....
 Corona                   Hex            #......      100%        1    ##.....
 Summon Hydra             Summ           #.........   100%        7    #######
 Dazzling Spray           Conj/Hex       #.....       100%        3    ####...
 Summon Mana Viper        Hex/Summ       #.......     100%        5    ######.


Dungeon Overview and Level Annotations

Branches:
Dungeon (9/15)             Temple (1/1) D:7            Lair (0/6) D:8
    Orc: D:9-12

Altars:
Ashenzari
Cheibriados
Elyvilon
Fedhas
Gozag
Hepliaklqana
Kikubaaqudgha
Makhleb
Nemelex Xobeh
Okawaru
Qazlal
Ru
Sif Muna
Trog
Uskayaw
Vehumet
Zin
The Shining One
Lugonu

Shops:
D:8 *

Annotations:
D:9 Grum


Innate Abilities, Weirdness & Mutations

You reflexively headbutt those who attack you in melee.
You have a pair of horns on your head.


Message History

* * * LOW HITPOINT WARNING * * *
The wolf bites you.
* * * LOW HITPOINT WARNING * * *
You block the wolf's attack. x2
Okay, then.
You block the wolf's attack. The wolf completely misses you.
The wolf bites you but does no damage. The wolf misses you.
You furiously retaliate!
You headbutt the wolf!
You kill the wolf!
Okawaru accepts your kill. You block the wolf's attack. x2
You see here an arrow.
You block the wolf's attack. x2
Grum hits you from afar with a spear!
* * * LOW HITPOINT WARNING * * *
The wolf misses you. The wolf bites you but does no damage.
You block the wolf's attack. You block Grum's attack.
You eat one of the 23 rations.
That ration really hit the spot!
The wolf bites you!
You die...

........########.#
#.......#
.................#
#.......#
........########.#
#.......# ........#
#.#####.......# ..#####.#
#.............# #.# #.#
#.#####.......# # #.# #.#
#.......# #. #.# #.......#
#. #@# #.......#
###.########h#####.#####.#
............hg.....# .#
#..........(.....#
#..........(.....#
#<....((.........#
#...)............#
#................#
.........................


You could see Grum and 2 wolves.

Vanquished Creatures
  Pikel (D:5)
  Grinder (D:3)
  A hippogriff (D:9)
  2 hungry ghosts
  A black bear (D:9)
  2 ice beasts
  2 ogres
  2 necrophages
  2 wolves (D:9)
  6 phantoms
  4 centaurs
  2 big kobolds
  4 bullfrogs
  A water moccasin skeleton (D:6)
  3 scorpions
  5 wights (D:8)
  A howler monkey (D:5)
  2 crimson imps
  A bullfrog zombie (D:6)
  3 hounds
  2 jellies
  2 orc priests
  3 orc wizards
  Ijyb (D:5)
  2 iguanas
  5 worker ants
  Robin (D:3)
  A howler monkey skeleton (D:9)
  A gnoll (D:1)
  9 adders
  2 shadow imps
  2 oozes
  2 adder skeletons
  4 worms
  2 dart slugs
  8 leopard geckos
  17 orcs
  5 bats
  5 giant cockroaches
  15 goblins
  9 hobgoblins
  2 jackals (D:1)
  18 kobolds
  4 quokkas
  4 frilled lizards
  A jackal zombie (D:6)
  2 leopard gecko zombies (D:5)
  6 rats
181 creatures vanquished.

Vanquished Creatures (others)
  A sky beast (D:5)
  A leopard gecko (D:5)
2 creatures vanquished.

Grand Total: 183 creatures vanquished

Notes
Turn   | Place    | Note
-------+----------+-------------------------------------------
     0 | D:1      | Peloso the Minotaur Fighter began the quest for the Orb.
     0 | D:1      | Reached XP level 1. HP: 19/19 MP: 0/0
   154 | D:1      | Reached XP level 2. HP: 22/27 MP: 1/1
   523 | D:1      | Reached XP level 3. HP: 33/33 MP: 2/2
  1109 | D:2      | Reached skill level 3 in Long Blades
  1261 | D:2      | Reached XP level 4. HP: 38/41 MP: 3/3
  1639 | D:3      | Reached skill level 4 in Long Blades
  1639 | D:3      | Reached XP level 5. HP: 33/47 MP: 4/4
  1972 | D:3      | Noticed Robin
  1995 | D:3      | Killed Robin
  2100 | D:3      | Noticed Grinder
  2106 | D:3      | Paralysed by Grinder for 4 turns
  2113 | D:3      | Killed Grinder
  2113 | D:3      | Reached skill level 5 in Fighting
  2113 | D:3      | Reached skill level 5 in Long Blades
  2113 | D:3      | Reached skill level 1 in Dodging
  2113 | D:3      | Reached skill level 5 in Shields
  2113 | D:3      | Reached XP level 6. HP: 28/56 MP: 5/5
  2384 | D:4      | Reached skill level 5 in Armour
  2445 | D:4      | Reached skill level 6 in Long Blades
  2515 | D:4      | Found a snail-covered altar of Cheibriados.
  2552 | D:4      | Reached XP level 7. HP: 61/61 MP: 6/6
  3021 | D:5      | Entered Level 5 of the Dungeon
  3047 | D:5      | Noticed Pikel
  3071 | D:5      | Killed Pikel
  3071 | D:5      | Reached skill level 8 in Long Blades
  3071 | D:5      | Reached XP level 8. HP: 45/69 MP: 7/7
  3156 | D:5      | You fall through a shaft!
  3430 | D:5      | Noticed Ijyb
  3445 | D:5      | Killed Ijyb
  3533 | D:5      | Found a stormy altar of Qazlal.
  3534 | D:5      | Found an opulent altar of Gozag.
  3693 | D:6      | Found a deep blue altar of Sif Muna.
  3829 | D:6      | Found a sparkling altar of Nemelex Xobeh.
  3835 | D:6      | Reached skill level 9 in Long Blades
  3968 | D:6      | Found a hazy altar of Hepliaklqana.
  4044 | D:6      | Reached XP level 9. HP: 75/75 MP: 8/8
  4168 | D:6      | You fall through a shaft for 2 floors!
  4205 | D:7      | Found a staircase to the Ecumenical Temple.
  4231 | Temple   | Entered the Ecumenical Temple
  4233 | Temple   | Reached skill level 10 in Long Blades
  5361 | D:8      | Found a staircase to the Lair.
  5445 | D:8      | Found Aqyrew's Elemental Accessories.
  5758 | D:8      | Found a sacrificial altar of Ru.
  5759 | D:8      | Found an ancient bone altar of Kikubaaqudgha.
  6082 | D:9      | Found an iron altar of Okawaru.
  6095 | D:9      | Became a worshipper of Warmaster Okawaru
  6138 | D:9      | Reached skill level 11 in Long Blades
  6147 | D:9      | Reached XP level 10. HP: 81/86 MP: 9/9
  6151 | D:9      | Reached skill level 10 in Shields
  6239 | D:9      | Noticed Grum
  6262 | D:9      | Slain by a wolf

Skill      XL: |  1  2  3  4  5  6  7  8  9 10 |
---------------+-------------------------------+-----
Armour         | 4 5 6 7 |  7.6
Fighting       | 4 5 6 7 |  7.7
Shields        | 4 5 6 8 9 10 | 10.2
Long Blades    | 3 4 5 6 8 9 11 | 11.2
Dodging        | 1 |  1.6
Stealth        | |  0.3

Action                   |  1- 3 |  4- 6 |  7- 9 | 10-12 || total
-------------------------+-------+-------+-------+-------++-------
Melee: Long sword        |   103 |   155 |   281 |       ||   539
       Headbutt          |    16 |    28 |    81 |     5 ||   130
       Falchion          |       |       |    39 |    29 ||    68
  Use: Scroll            |       |     6 |     5 |       ||    11
  Eat: Chunk             |     1 |     5 |     8 |     1 ||    15
       Ration            |       |       |     1 |     1 ||     2
Armor: Scale mail        |    51 |     7 |       |       ||    58
       Plate armour      |       |    47 |   122 |    25 ||   194
       Chain mail        |       |    25 |       |       ||    25
Dodge: Dodged            |    29 |    41 |    85 |    29 ||   184
Block: Shield            |    58 |    81 |   185 |    47 ||   371
       Rpst.: Long sword |     7 |    13 |    16 |       ||    36
       Falchion          |       |       |     8 |     7 ||    15
